 Dungeon Crawl Stone Soup version 0.28.0-62-gf88900778d (webtiles) character file.

Game seed: 10921378868661541451

117 cbfl8 the Cudgeller (level 5, -4/49 HPs)
             Began as a Gargoyle Berserker on Aug 14, 2023.
             Was a Believer of Trog.
             Slain by an ogre
             ... wielding a +0 giant club
              (20 damage)
             ... on level 4 of the Dungeon.
             The game lasted 00:03:11 (3450 turns).

cbfl8 the Cudgeller (Gargoyle Berserker)            Turns: 3450, Time: 00:03:12

Health: -4/49      AC: 10    Str: 20    XL:     5   Next: 1%
Magic:  5/5        EV: 11    Int:  8    God:    Trog [**....]
Gold:   55         SH:  0    Dex: 11    Spells: 4/4 levels left

rFire   . . .      SeeInvis .   a - +0 mace
rCold   . . .      Faith    .   (no shield)
rNeg    + . .      Spirit   .   d - +0 ring mail
rPois   ∞          Reflect  .   j - +0 helmet
rElec   +          Harm     .   (no cloak)
rCorr   .          Rampage  .   (no gloves)
Will    .....                   (no boots)
Stlth   ..........              (no amulet)
HPRegen 0.16/turn               (no ring)
MPRegen 0.09/turn               (no ring)

@: berserking, very quick
A: sickness immunity, AC +4, negative energy resistance 1, electricity
resistance, torment resistance 1, petrification resistance
a: Renounce Religion, Berserk, Trog's Hand


You were on level 4 of the Dungeon.
You worshipped Trog.
Trog was pleased with you.
You visited 1 branch of the dungeon, and saw 4 of its levels.

You collected 153 gold pieces.
You spent 98 gold pieces at shops.

Inventory:

Hand Weapons
 a - a +0 mace (weapon)
Armour
 d - a +0 ring mail (worn)
 j - a +0 helmet (worn)
Wands
 h - a wand of flame (17)
Scrolls
 b - a scroll of amnesia {unknown}
 c - 2 scrolls of teleportation
 e - a scroll of immolation {unknown}
 f - a scroll of enchant weapon
 g - a scroll of silence
 l - a scroll of fear
 m - a scroll of summoning {unknown}
Potions
 k - a potion of lignification {unknown}
 n - a potion of attraction {unknown}


   Skills:
 + Level 3.9 Fighting
 + Level 4.1 Maces & Flails
 + Level 3.5 Armour
 + Level 2.0 Dodging
 + Level 0.2 Stealth


You had 4 spell levels left.
You didn't know any spells.
Your spell library was empty.

Dungeon Overview and Level Annotations

Branches:
Dungeon (4/15)
 Temple: D:4-7

Altars:

Shops:
D:2 [[(??


Innate Abilities, Weirdness & Mutations

You are immune to sickness and miasma.
Your stone body is resilient. (AC +4)
You are immune to poison.
You resist negative energy. (rN+)
You are resistant to electric shocks. (rElec)
You are resistant to unholy torment.
You are immune to petrification.


Message History

n - a sedimented dark potion No target in view!
An ogre comes into view. It is wielding a +0 giant club.
The ogre shouts!
The ogre moves out of view.
No target in view!
You hit the ogre.
The ogre is lightly wounded.
The ogre barely misses you.
An ogre is nearby!
You hit the ogre but do no damage.
The ogre is lightly wounded.
The ogre barely misses you.
An ogre is nearby!
You sock the ogre!
The ogre is heavily wounded.
The ogre hits you with a +0 giant club!!
Ouch! That really hurt!
* * * LOW HITPOINT WARNING * * *
The ogre hits you with a +0 giant club.
* * * LOW HITPOINT WARNING * * *
Blink to where?
Press: ? - help, Dir - move target
As you read the scroll of blinking, it crumbles to dust.
You climb upwards.
There is a stone staircase leading down here.
You start resting.
HP restored.
You start waiting.
Done waiting.
You start waiting.
Done waiting.
You climb downwards.
The ogre hits you with a +0 giant club!!
Ouch! That really hurt!
There is a stone staircase leading up here.
A red film seems to cover your vision as you go berserk!
You feel yourself moving faster!
You feel mighty!
The ogre hits you with a +0 giant club!!
You die...

##############.#
#............#.#
#.###.#.####.#.# # #
#.. #.#.# .# #..#
#.#.# ###.### #..#
#.#.# #.....
#..#.#O#.###.#.#####
#...>.@...)..÷......
#......#.###.#.#####
..................
#######.#.###.#####
#.#.# ... #.#.. ..#
#.#...... #.#....##


You could see an ogre.

Vanquished Creatures
  An orc priest (D:2)
  Jessica (D:3)
  A worm (D:3)
  A dart slug (D:2)
  3 orcs
  7 ball pythons
  8 bats
  5 endoplasms
  6 goblins
  4 hobgoblins
  2 jackals (D:2)
  4 kobolds
  A quokka (D:2)
  4 frilled lizards (D:2)
  3 rats
51 creatures vanquished.

Notes
Turn   | Place    | Note
-------+----------+-------------------------------------------
     0 | D:1      | cbfl8 the Gargoyle Berserker began the quest for the Orb.
     0 | D:1      | Reached XP level 1. HP: 14/14 MP: 1/1
   424 | D:1      | Reached XP level 2. HP: 19/19 MP: 2/2
   887 | D:2      | Found Zahig's Magic Scroll Shoppe.
  1155 | D:2      | Found Wiludghe's Magic Scroll Shop.
  1163 | D:2      | Bought a scroll of teleportation for 42 gold pieces
  1163 | D:2      | Bought a scroll of identify for 28 gold pieces
  1263 | D:2      | Bought a scroll of identify for 28 gold pieces
  1339 | D:2      | Reached XP level 3. HP: 24/24 MP: 3/3
  1459 | D:2      | Found Kyqaycek's Antique Weapon Emporium.
  1502 | D:2      | Found Unearew's Armour Boutique.
  1722 | D:2      | Found Fukokk's Armour Shoppe.
  1806 | D:2      | Reached ** piety under Trog
  2024 | D:3      | Noticed Jessica
  2031 | D:3      | Killed Jessica
  2032 | D:3      | Reached XP level 4. HP: 29/29 MP: 4/4
  2293 | D:3      | Found a faded altar of an unknown god.
  2488 | D:2      | Reached skill level 4 in Maces & Flails
  2537 | D:3      | Reached XP level 5. HP: 20/33 MP: 5/5
  2965 | D:4      | Noticed an ogre
  3450 | D:4      | Slain by an ogre

Illustrated notes

Levels and vault maps discovered:
D:1:      minmay_arrival_stone_box, layout_loops_ring
D:2:      layout_basic, serial_shops, nicolae_shop_hallway_stairs,
          nicolae_shop_statue_plus, nicolae_shop_hallway_stairs,
          nicolae_shop_window_shopping, nicolae_lakefront_shop
D:3:      layout_basic, hellmonk_ecumenical_altar_arch_garden, uniq_jessica
D:4:      layout_basic, uniq_grinder

Skill      XL: |  1  2  3  4 |
---------------+-------------+-----
Armour         | 3 |  3.5
Dodging        | 2 |  2.0
Maces & Flails | 4 |  4.1
Fighting       | |  3.9
Stealth        | |  0.2

Action                   |  1- 3 |  4- 6 || total
-------------------------+-------+-------++-------
Melee: Mace              |    88 |    54 ||   142
       Punch             |       |     1 ||     1
Invok: Berserk           |       |     2 ||     2
  Use: Scroll            |     4 |     1 ||     5
Armor: Ring mail         |    45 |    35 ||    80
Dodge: Dodged            |    52 |    48 ||   100
